 Dungeon Crawl Stone Soup version 0.22-a0-608-g8a62e23 (webtiles) character file.

24 sking99 the Ruffian (level 2, 0/24 HPs)
             Began as a Draconian Transmuter on July 9, 2018.
             Slain by a gnoll
             ... wielding a +0 club
              (5 damage)
             ... on level 1 of the Dungeon.
             The game lasted 00:01:48 (714 turns).

sking99 the Ruffian (Draconian Transmuter)           Turns: 714, Time: 00:01:49

Health: 0/24       AC:  4    Str: 12    XL:     2   Next: 79%
Magic:  1/5        EV: 12    Int: 13    God:
Gold:   65         SH:  0    Dex: 11    Spells: 2/5 levels left

rFire    . . .     SeeInvis .     - Unarmed
rCold    . . .     Gourm    .   (no shield)
rNeg     . . .     Faith    .   (armour unavailable)
rPois    .         Spirit   .   (helmet restricted)
rElec    .         Reflect  .   (no cloak)
rCorr    .         Harm     .   (no gloves)
MR       .....                  (no boots)
Stlth    +.........             (no amulet)
HPRegen  0.08/turn              (no ring)
MPRegen  0.09/turn              (no ring)

@: very slightly contaminated
A: unfitting armour, cold-blooded, AC +4
a: no special abilities


You were on level 1 of the Dungeon.
You were not hungry.

You visited 1 branch of the dungeon, and saw 2 of its levels.

You collected 65 gold pieces.

Inventory:

Missiles
 a - 28 arrows
Jewellery
 i - a cursed ring of loudness {unknown}
Scrolls
 b - 2 scrolls of remove curse {unknown}
 d - a scroll of enchant armour {unknown}
 g - a scroll of identify {unknown}
Potions
 e - a potion of ambrosia {unknown}
 f - a potion of resistance {unknown}
Comestibles
 c - 3 rations
 h - 4 chunks of flesh


   Skills:
 + Level 1.7 Fighting
 - Level 1.7 Dodging
 * Level 3.6 Unarmed Combat
 - Level 2.0 Spellcasting
 + Level 2.3 Transmutations


You had 2 spell levels left.
You knew the following spells:

 Your Spells              Type           Power        Failure   Level  Hunger
a - Beastly Appendage     Tmut           #.....       10%         1    ##.....
b - Sticks to Snakes      Tmut           #.......     14%         2    ###....

Your spell library contained the following spells:

 Spells                   Type           Power        Failure   Level  Hunger
 Spider Form              Tmut/Pois      #.........   43%         3    ####...
 Blade Hands              Tmut           #.........   95%         5    ######.
 Ice Form                 Ice/Tmut       #.......     83%         4    #####..


Dungeon Overview and Level Annotations

Branches:
Dungeon (2/15)

Altars:


Innate Abilities, Weirdness & Mutations

Your plain brown scales are hard. (AC +4)
You cannot fit into any form of body armour.
You are cold-blooded and may be slowed by cold attacks.


Message History

You are too injured to fight recklessly!
The gnoll misses you.
Found a spear.
Found a whip.
There is a stone staircase leading up here.
You can't go down here!
The gnoll hits you with a club.
* * * LOW HITPOINT WARNING * * *
You climb upwards.
There is a stone staircase leading down here.
You closely miss the gnoll. The gnoll closely misses you.
Cast which spell? (? or * to list)
You miscast Sticks to Snakes.
You are very lightly contaminated with residual magic.
Waves of light ripple over your body.
Casting: Sticks to Snakes (safe; 14% risk of failure)
Confirm with . or Enter, or press ? or * to list all spells.
You create a snake!
You now have 28 arrows.
The gnoll hits you with a club.
You die...

#### #.###'## #..##.#..#.#..# #
...###.#....# #..##.#..#.#..# #
...#........# #........#.#..# #
...#........# #......###.#..# #
...#....##..# #........#.#..# #
...#....###.###........#.#..# #
...#....# #..##...S....#.#..# #
...#....# ##.##........#.#..#####
...#....# #..#.@g.....#.#.......
...#....#####.#..##.#..#.##'#####
####.............##.#.........#
#(...######..###.##.#......#
#.....# #..###....#......#
##....# #................#
#####....# #.>..............#
.........# #..........#######
########## #..........#


You could see a gnoll and a friendly ball python.

Vanquished Creatures
  A dart slug (D:2)
  5 bats
  4 goblins
  3 hobgoblins
  A ball python (D:2)
  A frilled lizard (D:1)
  2 kobolds
  5 rats (D:1)
22 creatures vanquished.

Notes
Turn   | Place    | Note
-------+----------+-------------------------------------------
     0 | D:1      | sking99 the Draconian Transmuter began the quest for the Orb.
     0 | D:1      | Reached XP level 1. HP: 16/16 MP: 3/3
   193 | D:1      | Reached XP level 2. HP: 23/23 MP: 5/5
   252 | D:1      | Learned a level 2 spell: Sticks to Snakes
   714 | D:1      | Slain by a gnoll

Vault maps used:
D:1:      dpeg_arrival_tiny_c
D:2:      minmay_pentomino_p4, uniq_crazy_yiuf_cottage, uniq_robin

Action                   || total
-------------------------++-------
Melee: Unarmed           ||    66
       Tailslap          ||     7
 Cast: Sticks to Snakes  ||     1
Armor: Skin              ||    13
Dodge: Dodged            ||    47

Table legend:
 A = Spawn XP
 B = Non-spawn XP
 C = Spawn XP percentage of total XP
 D = Spawn monster count
 E = Non-spawn monster count
 F = Spawn count percentage of total count
 G = Total turns spent on level
                    A         B        C        D         E        F      G
               +---------+---------+-------+---------+---------+-------+---------
         Total |       0 |      35 |   0.0 |       0 |      22 |   0.0 |   714
               +---------+---------+-------+---------+---------+-------+---------
           D:1 |       0 |      21 |   0.0 |       0 |      15 |   0.0 |   645
           D:2 |       0 |      14 |   0.0 |       0 |       7 |   0.0 |    69
               +---------+---------+-------+---------+---------+-------+---------
